 Dungeon Crawl Stone Soup version 0.32-a0-747-gc8563f6773 (webtiles) character file.

Game seed: 13167712979004536838

20827 jasper the Grappler (level 12, -1/100 HPs)
             Began as a Demonspawn Shapeshifter on Mar 16, 2024.
             Was an Elder of Yredelemnul.
             Killed from afar by Fannar (32 damage)
             ... with a bolt of cold
             ... on level 1 of the Lair of Beasts on Mar 17, 2024.
             The game lasted 00:31:54 (12985 turns).

jasper the Grappler (Demonspawn Shapeshifter)      Turns: 12985, Time: 00:31:55

Health: -1/100     AC: 21    Str: 19    XL:     12   Next: 48%
Magic:  15/15      EV:  9    Int: 12    God:    Yredelemnul [****..]
Gold:   755        SH:  8    Dex: 12    Spells: 4/11 levels left

rFire   + +          .
                       - Unarmed
rCold   . . .        R - +3 buckler {rF+}
rNeg    . . .        y - +2 ring mail {rF+}
rPois   .            (helmet currently unavailable)
rElec   .            (cloak currently unavailable)
rCorr   .            (gloves currently unavailable)
SInv    .            (boots currently unavailable)
Will    .....        (no amulet)
Stlth   +            t - +4 ring of protection
HPRegen 0.36/turn    C - +4 ring of protection
MPRegen 0.14/turn

%: no passive effects
@: beast-form, sanguine armoured, wreathed by umbra
A: beast (slay +1), antennae 2, spiny 1, sanguine armour 1, demonic magic 1
a: Begin Untransformation, Renounce Religion, Light the Black Torch, Recall
Undead Harvest, Hurl Torchlight, Bind Soul


You were on level 1 of the Lair of Beasts.
You worshipped Yredelemnul.
Yredelemnul was noncommittal.
You were a hulking beast.
You visited 2 branches of the dungeon, and saw 12 of its levels.
You also visited: Sewer and Gauntlet.

You collected 755 gold pieces.

Inventory:

Hand Weapons
 j - a +3 dagger of venom
Missiles
 f - 121 stones (quivered)
 p - 23 poisoned darts
 u - 2 javelins
 E - 2 curare-tipped darts
Armour
 a - a +0 animal skin
 e - a +0 scale mail
 n - a +0 pair of gloves
 y - a +2 ring mail of fire resistance (worn)
 K - a scarf of repulsion
 R - a +3 buckler of fire resistance (worn)
 S - a +2 scale mail of cold resistance
 U - a +0 chain mail
Jewellery
 h - a +4 ring of slaying
 s - a ring of fire
 t - a +4 ring of protection (left hand)
 w - a ring of wizardry
 x - a +6 ring of intelligence
 C - a +4 ring of protection (right hand)
 G - a ring of ice
 O - a ring of magical power
 P - a ring of protection from fire
 Q - a ring of see invisible
Talismans
 c - a beast talisman (active)
 d - a flux talisman
 T - a maw talisman
Wands
 o - a wand of mindburst (18)
 F - a wand of roots (14)
 L - a wand of flame (5)
Scrolls
 g - 2 scrolls of fog
 l - 7 scrolls of teleportation
 r - 2 scrolls of immolation
 v - 5 scrolls of enchant weapon
 A - a scroll of summoning
 B - 4 scrolls of blinking
 H - a scroll of vulnerability
 J - a scroll of poison
 N - a scroll of silence
Potions
 b - a potion of lignification
 i - 2 potions of invisibility
 k - 2 potions of brilliance
 m - 2 potions of degeneration
 q - a potion of ambrosia
 z - a potion of mutation
 D - 2 potions of attraction
 I - a potion of resistance
 M - 3 potions of enlightenment


   Skills:
 - Level 11.4 Fighting
 - Level 1.7 Dodging
 + Level 6.0 Shields
 - Level 14.7 Unarmed Combat
 - Level 5.2 Invocations
 - Level 2.6 Shapeshifting


You had 4 spell levels left.
You knew the following spells:

 Your Spells              Type           Power      Damage    Failure   Level
a - Fugue of the Fallen   Necr           0%         N/A       91%         3
b - Anguish               Hex/Necr       0%         N/A       100%        4

Your spell library contained the following spells:

 Spells                   Type           Power      Damage    Failure   Level
 Call Imp                 Summ           0%         N/A       71%         2
 Ensorcelled Hibernation  Hex/Ice        0%         N/A       71%         2
 Mercury Vapours          Alch/Air       0%         N/A       71%         2
 Sublimation of Blood     Necr           0%         N/A       71%         2
 Frozen Ramparts          Ice            0%         1d1       91%         3
 Mephitic Cloud           Conj/Alch/Air  0%         N/A       91%         3
 Ozocubu's Armour         Ice            0%         N/A       91%         3
 Passwall                 Erth           0%         N/A       91%         3
 Swiftness                Air            0%         N/A       91%         3
 Freezing Cloud           Conj/Ice/Air   0%         6-21      100%        5
 Metabolic Englaciation   Hex/Ice        0%         N/A       100%        5
 Summon Hydra             Summ           0%         N/A       100%        7


Dungeon Overview and Level Annotations

Branches:
Dungeon (11/15)            Temple (0/1) D:4            Lair (1/5) D:11
    Orc (0/2) D:11          Sewer (visited)         Gauntlet (visited)

Altars:
Cheibriados
Fedhas
Kikubaaqudgha
Okawaru
Qazlal
Xom
Yredelemnul
Jiyva

Annotations:
D:6 1 runed translucent door
D:8 3 runed translucent doors, jamsaran's ghost, novice DgAl
D:9 exclusion: 2 oklob saplings
Lair:1 Fannar


Innate Abilities, Weirdness & Mutations

You are a hulking beast.
Your limbs bulge with bestial killing power. (Slay +1)
You have a pair of antennae on your head.
You are partially covered in sharp spines.
When seriously injured, your blood forms armour. (AC +6)
Spells you cast may paralyse adjacent enemies.


Message History

Your wight misses Fannar.
Fannar hits your wight with a +0 quarterstaff of freezing!
A yak comes into view.
Your wight hits Fannar but does no damage.
Fannar hits your wight with a +0 quarterstaff of freezing.
Your wight hits Fannar from afar with a +4 trident!
Your wight barely misses Fannar.
Fannar is struck by your spines.
Fannar hits you with a +0 quarterstaff of freezing!
Fannar freezes you.
You take 11 damage, and have 52/100 hp.
You hit Fannar.
Fannar is lightly wounded.
A nearby plant withers and dies.
A nearby fungus withers and dies.
Your wight hits Fannar with a +0 hand axe!
Your wight hits Fannar from afar with a +4 trident.
Your freezing wraith hits Fannar!
Your freezing wraith freezes Fannar.
Fannar resists.
Your freezing wraith hits Fannar.
Your freezing wraith drains Fannar's vigour!
Fannar seems to slow down.
Your wight barely misses Fannar.
A yak comes into view.
Fannar gestures at you while chanting. The bolt of cold hits you!!
* * * LOW HITPOINT WARNING * * *
The bolt of cold hits your wyvern zombie!
Your wyvern zombie resists.
You take 22 damage, and have 30/100 hp.
MASSIVE DAMAGE!!
You barely miss Fannar.
Fannar is heavily wounded.
Your wight misses Fannar.
Your freezing wraith hits Fannar but does no damage.
Your freezing wraith hits Fannar.
Your freezing wraith drains Fannar's vigour!
Fannar seems to slow down.
Your wight closely misses Fannar.
Your wight hits Fannar but does no damage.
You punch Fannar!
Fannar is severely wounded.
Fannar gestures at you while chanting. The bolt of cold hits you!!
You die...
Your body rises from the dead as a mindless zombie.

#.............
#..........Y...
#...............
##................
#.........Y.......
#................
#.....Z.........
#...Weh.......#
#.###zz.......# .
#zz.......# ..
##Z........#### ..
#...........#.####..
##..................
##...............[..
#
#...................
#.
##=.................


You could see Fannar (slow, ally target), 2 yaks, a friendly freezing wraith
(summoned), 4 friendly wights, a friendly komodo dragon zombie and a friendly
wyvern zombie.

Vanquished Creatures
  A minotaur (Gauntlet)
  Josephine (D:10)
  A hell beast (Gauntlet)
  2 two-headed ogres
  The ghost of GreenGuy14 the Cleaver, a novice DrMo of Gozag (D:6)
  A cyclops (D:11)
  2 centaur zombies (D:10)
  3 centaur skeletons (D:10)
  A gargoyle (Gauntlet)
  2 minotaur zombies (Gauntlet)
  An unseen horror zombie (D:10)
  A komodo dragon (Lair:1)
  2 tengu conjurers (Gauntlet)
  2 shadows
  3 wyverns
  10 yaks
  6 wraiths
  2 vampire mosquitoes (D:11)
  2 water moccasins
  A hell hound (Gauntlet)
  An orc warrior (D:11)
  3 ice beasts
  5 centaurs
  3 phantoms (D:6)
  5 bullfrogs
  A gnoll sergeant (D:8)
  2 scorpions (D:6)
  4 wights
  17 killer bees
  A howler monkey (D:9)
  A bombardier beetle (D:3)
  3 hounds
  A human zombie (D:10)
  4 orc priests
  2 jellies (D:6)
  2 iguanas
  3 sleepcaps
  4 orc wizards (D:8)
  5 gnolls (D:8)
  14 adders
  2 river rats (D:6)
  6 dart slugs (Sewer)
  A ribbon worm (D:4)
  18 orcs
  19 endoplasms
  10 giant cockroaches
  5 goblins
  6 hobgoblins
  8 jackals
  6 kobolds
  4 quokkas
  13 ball pythons
  5 bats
  4 frilled lizards
  4 rats
  A spectral orc (D:3)
238 creatures vanquished.

Vanquished Creatures (collateral kills)
  A catoblepas (Gauntlet)
  A two-headed ogre (D:11)
  A tengu warrior (Gauntlet)
  The ghost of Gazog the Brawler, a journeyman VSEE of Gozag (D:11)
  Sonja (D:10)
  A cyclops (D:11)
  An ugly thing (D:9)
  A komodo dragon (D:11)
  A troll (D:10)
  2 wraiths (D:10)
  4 yaks (D:8)
  An acid dragon (D:9)
  A sky beast (D:8)
  A black bear (D:8)
  An ogre (D:6)
  3 centaurs (D:11)
  A weeping skull (D:3)
  2 bullfrogs
  2 scorpions
  4 wights
  3 killer bees
  3 howler monkeys (D:11)
  A hound (D:6)
  2 orc priests
  A centaur zombie (D:10)
  A jelly (D:6)
  A centaur skeleton (D:10)
  2 orc wizards
  3 adders
  A shadow imp (D:7)
  A white imp (D:5)
  2 ufetubi (D:6)
  4 dart slugs (Sewer)
  4 orcs
  6 ball pythons
  4 endoplasms
  A jackal (D:3)
  8 frilled lizards
  A goblin (D:2)
  A rat (D:2)
81 creatures vanquished.

Vanquished Creatures (others)
  A spectral two-headed ogre (D:11)
  A catoblepas zombie (Gauntlet)
  A tengu zombie (Gauntlet)
  A two-headed ogre zombie (D:8)
  A yak zombie (D:8)
  A bullfrog zombie (D:6)
  2 scorpion zombies (D:6)
  4 killer bee zombies
  A hound zombie (D:6)
  3 howler monkey zombies
  5 orc zombies
  2 adder zombies
  5 ball python zombies
  A kobold zombie (D:3)
  2 quokka zombies (D:3)
  A rat zombie (D:2)
32 creatures vanquished.

Grand Total: 351 creatures vanquished

Notes
Turn   | Place    | Note
-------+----------+-------------------------------------------
     0 | D:1      | jasper the Demonspawn Shapeshifter began the quest for the
                  | Orb.
     0 | D:1      | Reached XP level 1. HP: 15/15 MP: 1/1
   133 | D:1      | Reached skill level 3 in Unarmed Combat
   141 | D:1      | Gained mutation: You are partially covered in sharp spines.
                  | [demonic ancestry]
   141 | D:1      | Reached XP level 2. HP: 9/21 MP: 2/2
   786 | D:1      | Gained mutation: When seriously injured, your blood forms
                  | armour. (AC +6) [demonic ancestry]
   786 | D:1      | Reached XP level 3. HP: 27/27 MP: 3/3
  1220 | D:2      | Found a basalt altar of Yredelemnul.
  1226 | D:2      | Became a worshipper of Yredelemnul the Fallen
  1843 | D:2      | Reached skill level 4 in Unarmed Combat
  1843 | D:2      | Reached XP level 4. HP: 34/34 MP: 4/4
  2057 | D:3      | Found a faded altar of an unknown god.
  2116 | D:3      | Reached * piety under Yredelemnul
  2166 | D:3      | Upgraded the game from 0.32-a0-732-ga344392067 to
                  | 0.32-a0-747-gc8563f6773
  2570 | D:3      | Found a basalt altar of Yredelemnul.
  2570 | D:3      | Noticed a weeping skull
  2591 | D:3      | Killed a weeping skull
  2592 | D:3      | Reached XP level 5. HP: 41/41 MP: 5/5
  2832 | D:4      | Reached skill level 5 in Unarmed Combat
  2919 | D:4      | Reached XP level 6. HP: 47/47 MP: 6/6
  3278 | D:4      | Found a staircase to the Ecumenical Temple.
  3538 | D:5      | Entered Level 5 of the Dungeon
  3694 | D:5      | Noticed an ice beast
  3701 | D:5      | Killed an ice beast
  3719 | D:5      | Found a blossoming altar of Fedhas.
  3732 | D:5      | Reached skill level 6 in Unarmed Combat
  3732 | D:5      | Reached XP level 7. HP: 30/54 MP: 7/7
  4027 | D:5      | Noticed an air elemental
  4029 | D:5      | Found a stormy altar of Qazlal.
  4031 | D:5      | Noticed a water elemental
  4041 | D:5      | Noticed a fire elemental
  4064 | D:5      | Found a shimmering altar of Xom.
  4064 | D:5      | Found a snail-covered altar of Cheibriados.
  4065 | D:5      | Found an iron altar of Okawaru.
  4462 | D:6      | Reached skill level 5 in Fighting
  4462 | D:6      | Reached skill level 7 in Unarmed Combat
  4482 | D:6      | Gained mutation: You have a pair of small antennae on your
                  | head. [demonic ancestry]
  4482 | D:6      | Reached XP level 8. HP: 62/62 MP: 8/8
  4531 | D:6      | Reached ** piety under Yredelemnul
  4592 | D:6      | Found a glowing drain.
  4602 | Sewer    | Entered a sewer
  4767 | Sewer    | Reached *** piety under Yredelemnul
  4802 | Sewer    | Reached skill level 8 in Unarmed Combat
  5278 | D:6      | Reached skill level 9 in Unarmed Combat
  5435 | D:6      | Found a runed translucent door.
  5435 | D:6      | Noticed GreenGuy14's ghost (novice DrMo)
  5555 | D:6      | Found a runed translucent door.
  5563 | D:6      | Gained mutation: You have a pair of antennae on your head.
                  | [demonic ancestry]
  5563 | D:6      | Reached XP level 9. HP: 61/71 MP: 9/9
  5575 | D:6      | Killed GreenGuy14's ghost
  5911 | D:7      | Reached skill level 10 in Unarmed Combat
  6329 | D:8      | Reached skill level 11 in Unarmed Combat
  6332 | D:8      | Reached XP level 10. HP: 50/82 MP: 10/10
  6491 | D:8      | Noticed a two-headed ogre
  6500 | D:8      | Killed a two-headed ogre
  6585 | D:8      | Found a runed translucent gate.
  6586 | D:8      | Found a runed translucent gate.
  6587 | D:8      | Found a runed translucent gate.
  6591 | D:8      | Noticed jamsaran's ghost (novice DgAl)
  6594 | D:8      | Found a viscous altar of Jiyva.
  6654 | D:8      | Reached **** piety under Yredelemnul
  6829 | D:8      | Reached skill level 1 in Invocations
  7736 | D:9      | Reached skill level 5 in Invocations
  7959 | D:9      | Noticed a two-headed ogre
  7971 | D:9      | Killed a two-headed ogre
  7971 | D:9      | Bound a two-headed ogre
  8165 | D:9      | Noticed a green ugly thing
  8172 | D:9      | Killed a green ugly thing
  8225 | D:9      | Reached skill level 12 in Unarmed Combat
  8633 | D:10     | Entered Level 10 of the Dungeon
  9172 | D:10     | Gained mutation: Spells you cast may paralyse adjacent
                  | enemies. [demonic ancestry]
  9172 | D:10     | Reached XP level 11. HP: 56/90 MP: 14/14
  9187 | D:10     | Learned a level 3 spell: Fugue of the Fallen
  9192 | D:10     | Learned a level 4 spell: Anguish
  9285 | D:10     | Noticed Josephine
  9301 | D:10     | Killed Josephine
  9302 | D:10     | Reached skill level 10 in Fighting
  9302 | D:10     | Reached skill level 13 in Unarmed Combat
  9855 | D:10     | Noticed Sonja
  9868 | D:10     | Killed Sonja
 10297 | D:10     | Found an ancient bone altar of Kikubaaqudgha.
 10448 | D:11     | Found a staircase to the Lair.
 10476 | D:11     | Noticed a two-headed ogre
 10482 | D:11     | Noticed a two-headed ogre
 10492 | D:11     | Killed a two-headed ogre
 10492 | D:11     | Killed a two-headed ogre
 10493 | D:11     | Reached skill level 14 in Unarmed Combat
 10528 | D:11     | Found a gate leading to a gauntlet.
 10666 | Gauntlet | Entered a Gauntlet
 10666 | Gauntlet | Found a transporter.
 10666 | Gauntlet | Found a transporter.
 10670 | Gauntlet | Found a transporter.
 10670 | Gauntlet | Found a transporter.
 10671 | Gauntlet | Noticed a catoblepas
 10677 | Gauntlet | Noticed a death scarab
 10679 | Gauntlet | Found a transporter.
 10698 | Gauntlet | Found a transporter.
 10708 | Gauntlet | Found a transporter.
 10708 | Gauntlet | Found a transporter.
 10708 | Gauntlet | Noticed a hell beast
 10711 | Gauntlet | Noticed a death drake
 10732 | Gauntlet | Found a transporter.
 10739 | Gauntlet | Found a transporter.
 10751 | Gauntlet | Found a transporter.
 10771 | Gauntlet | Found a transporter.
 10805 | Gauntlet | Found a transporter.
 10807 | Gauntlet | Noticed a tengu warrior
 10819 | Gauntlet | Found a transporter.
 10919 | Gauntlet | Found a transporter.
 10922 | Gauntlet | Noticed a tengu warrior
 10933 | Gauntlet | Found a transporter.
 11029 | Gauntlet | Killed a catoblepas
 11045 | Gauntlet | Reached XP level 12. HP: 47/100 MP: 15/15
 11228 | Gauntlet | Killed a tengu warrior
 11429 | Gauntlet | Killed a hell beast
 11540 | Gauntlet | Noticed a minotaur
 11576 | Gauntlet | Killed a minotaur
 12036 | D:11     | Found a large runed translucent door.
 12037 | D:11     | Found a large runed translucent door.
 12287 | D:11     | Found a staircase to the Orcish Mines.
 12424 | D:11     | Reached skill level 5 in Shields
 12784 | D:11     | Noticed Gazog's ghost (journeyman VSEE)
 12803 | D:11     | Killed Gazog's ghost
 12929 | Lair:1   | Entered Level 1 of the Lair of Beasts
 12972 | Lair:1   | Noticed Fannar
 12985 | Lair:1   | Killed from afar by Fannar

Illustrated notes

Levels and vault maps discovered:
D:1:      dpeg_arrival_boxes_within_box, layout_loops_ring
D:2:      layout_basic, basic_altar
D:3:      layout_basic, yredelemnul_forgotten_temple_becter,
          dreamdust_ecumenical_altar_grove
D:4:      layout_basic, minmay_temple_entry_overgrown, hellmonk_no_cap
D:5:      layout_loops_cross, lemuel_coloured_pillars_altar,
          nicolae_qazlal_style_of_elements,
          chequers_temple_overflow_statue_of_worship,
          fedhas_bush_and_centaur_altar
D:6:      minmay_diamond_boxcup, layout_loops_ring, ebering_ghost_sewer_f,
          portal_sewer_entry_d, nicolae_elevator_lobby_plus
D:7:      layout_cave_pools, mainiacjoe_overflow_alcove_4
D:8:      layout_gridville, gammafunk_ghost_ooze
D:9:      layout_basic, marbit_many_paths, nrook_loot_triangle,
          introduction_to_nature_1
D:10:     layout_loops_corners, lemuel_mausoleum_altar_kikubaaqudgha,
          uniq_josephine, uniq_sonja
D:11:     layout_small_grid, lair_entry_dummy, orc_0_dummy,
          ebering_ghost_disaster_area, gauntlet_entry_generic
Lair:1:   layout_small_grid, nicolae_quartered_pool_super, uniq_fannar

Skill      XL: |  1  2  3  4  5  6  7  8  9 10 11 12 |
---------------+-------------------------------------+-----
Unarmed Combat | 3 4 5 6 7 9 11 12 14 | 14.7
Fighting       | 2 3 4 5 6 8 9 11 | 11.4
Invocations    | 5 |  5.2
Shields        | 6 |  6.0
Dodging        | |  1.7
Shapeshifting  | |  2.6

Action                     |  1- 3 |  4- 6 |  7- 9 | 10-12 || total
---------------------------+-------+-------+-------+-------++-------
  Melee: Unarmed           |    95 |    79 |   160 |   315 ||   649
         Punch             |       |     7 |     8 |    18 ||    33
  Throw: Stone             |     1 |     6 |       |       ||     7
         Dart              |       |       |       |     1 ||     1
 Invoke: Light the Black T |     1 |     3 |     4 |     5 ||    13
         Recall Undead Har |       |       |       |     3 ||     3
         Bind Soul         |       |       |       |     2 ||     2
  Evoke: Wand              |       |       |       |     6 ||     6
    Use: Scroll            |       |    12 |     6 |     8 ||    26
         Potion            |       |       |       |     8 ||     8
   Stab: Distracted        |       |     1 |     3 |     6 ||    10
 Armour: Scale mail        |    52 |    38 |    91 |   264 ||   445
         Ring mail         |       |       |       |    44 ||    44
  Dodge: Dodged            |    32 |    33 |    67 |   144 ||   276
  Block: Buckler           |       |       |       |    18 ||    18

Table legend: (Time is in decaauts)
 A = Elapsed time spent in this place.
 B = Non-inter-level travel time spent in this place.
 C = Inter-level travel time spent in this place.
 D = Time resting spent in this place.
 E = Time spent auto-exploring this place.
 F = Levels seen in this place.
 G = Mean time per level.
                   A        B        C        D        E       F      G
               +--------+--------+--------+--------+--------+-----+--------+
         Total |  12990 |  12003 |    987 |   2005 |   5277 |  14 |  927.9 |
       Dungeon |  11423 |  10436 |    987 |   1406 |   4948 |  11 | 1038.5 |
          Lair |     53 |     53 |      0 |      0 |      0 |   1 |   53.0 |
         Sewer |    304 |    304 |      0 |      0 |     54 |   1 |  304.0 |
      Gauntlet |   1209 |   1209 |      0 |    599 |    274 |   1 | 1209.0 |
               +--------+--------+--------+--------+--------+-----+--------+

Top non-repeatable levels by time:
    D:10: 1767 daAuts
    D:11: 1259 daAuts
     D:9: 1220 daAuts
Gauntlet: 1209 daAuts
     D:8: 1169 daAuts
     D:1: 1165 daAuts
     D:6: 1095 daAuts
     D:2: 862 daAuts
     D:5: 839 daAuts
     D:4: 826 daAuts
     D:3: 747 daAuts
     D:7: 470 daAuts
   Sewer: 304 daAuts
  Lair:1: 53 daAuts
